[Event "Titled Tuesday Blitz May 9 Early 2023"]
[White "Manukyan, Sargis A."]
[Black "Vifleemskaia, Svetlana"]
[WhiteFideId "13303970"]
[BlackFideId "4129490"]
[WhiteElo "2187"]
[BlackElo "1930"]
[Result "1-0"]
[Round "04"]
[TimeControl "180+2"]
[Date "2023.05.09"]
[WhiteClock "0:01:20"]
[BlackClock "0:00:04"]

1. d4 Nf6 2. c4 e6 3. Nc3 Bb4 4. a3 Bxc3+ 5. bxc3 d6 6. e3 e5 7. Bd3 e4 8. Bb1 Bg4 9. f3 exf3 10. gxf3 Bh5 11. Nh3 Bg6 12. e4 Nh5 13. Bg5 Qd7 14. Nf4 Nxf4 15. Bxf4 Qh3 16. Ra2 Nd7 17. Rg1 Nf6 18. c5 dxc5 19. Bxc7 cxd4 20. cxd4 O-O 21. Rg3 Qd7 22. Be5 Nh5 23. Rg1 f6 24. Bg3 Nxg3 25. hxg3 Rfd8 26. Rd2 Qh3 27. Kf2 Rac8 28. Rh1 Qe6 29. Ba2 Rc4 30. Bxc4 Qxc4 31. Qc2 Qa6 32. Qb3+ Bf7 33. d5 b5 34. Qe3 Rd6 35. Rc2 h5 36. Rhc1 Kh7 37. Rc7 Bg6 38. R1c6 Rxc6 39. Rxc6 Qa4 40. Rc7 a5 41. g4 Qd1 42. gxh5 Bxh5 43. Qf4 Qh1 44. Qg3 Bxf3 45. Qxg7# 1-0


[Site "https://www.chess.com"]

[Event "Titled Tuesday Blitz May 9 Early 2023"]
[White "Kohler, Aran"]
[Black "Weishaeutel, Moritz"]
[WhiteFideId "1002856"]
[BlackFideId "12967300"]
[WhiteElo "2347"]
[BlackElo "2301"]
[Result "1-0"]
[Round "04"]
[TimeControl "180+2"]
[Date "2023.05.09"]
[WhiteClock "0:00:25"]
[BlackClock "0:00:02"]

1. d4 Nf6 2. c3 d5 3. Bg5 Ne4 4. h4 Bf5 5. Nd2 Nxg5 6. hxg5 e6 7. f4 Bd6 8. e3 c5 9. g4 Bg6 10. Ngf3 Nc6 11. Nh4 cxd4 12. Nxg6 fxg6 13. cxd4 O-O 14. a3 Qb6 15. Qb3 Qc7 16. Bg2 Bxf4 17. exf4 Nxd4 18. Qh3 Nc2+ 19. Kd1 Nxa1 20. Qxh7+ Kf7 21. f5 Qc2+ 22. Ke2 exf5 23. Bxd5+ Ke7 24. Qxg7+ Kd6 25. Qd4 Qc5 26. Nc4+ Qxc4+ 27. Bxc4+ Kc7 28. Qc5+ Kd7 29. Bb5+ Ke6 30. Bc4+ Kd7 31. Rxa1 Rae8+ 32. Kd2 Rd8 33. Kc3 fxg4 34. Rd1+ Ke8 35. Qe5# 1-0


[Site "https://www.chess.com"]

[Event "Titled Tuesday Blitz May 9 Early 2023"]
[White "Alahakoon, Isuru"]
[Black "Tasev, Dejan"]
[WhiteFideId "9900993"]
[BlackFideId "936618"]
[WhiteElo "1953"]
[BlackElo "2244"]
[Result "0-1"]
[Round "04"]
[TimeControl "180+2"]
[Date "2023.05.09"]
[WhiteClock "0:00:00"]
[BlackClock "0:01:30"]

1. Nf3 Nf6 2. d4 g6 3. Bg5 Bg7 4. Nbd2 d6 5. e4 O-O 6. Bd3 Nbd7 7. Qe2 c5 8. e5 dxe5 9. dxe5 Nd5 10. e6 N7b6 11. exf7+ Rxf7 12. Ne5 Rf8 13. O-O-O Bf5 14. Ndc4 Qc7 15. Nxb6 axb6 16. Bc4 e6 17. Rhe1 b5 18. Bxd5 exd5 19. Qd2 d4 0-1


[Site "https://www.chess.com"]

[Event "Titled Tuesday Blitz May 9 Early 2023"]
[White "TimGrutter03"]
[Black "Orzech, Dominik"]
[BlackFideId "1115065"]
[WhiteElo "2619"]
[BlackElo "2260"]
[Result "0-1"]
[Round "04"]
[TimeControl "180+2"]
[Date "2023.05.09"]
[WhiteClock "0:00:00"]
[BlackClock "0:00:08"]

1. a4 e5 2. d3 d5 3. Nf3 Nc6 4. g3 Be7 5. Bg2 Nf6 6. O-O O-O 7. e4 dxe4 8. dxe4 Bg4 9. Qxd8 Raxd8 10. Nbd2 Nb4 11. c3 Nd3 12. Nc4 Bc5 13. Nfxe5 Be2 14. Nxd3 Bxd3 15. Be3 Bxf1 16. Kxf1 Bxe3 17. Nxe3 Rfe8 18. f3 g6 19. Ke2 Kg7 20. a5 Re6 21. Ra4 Red6 22. Nc4 Rd1 23. Rb4 b6 24. axb6 axb6 25. f4 Rg1 26. Kf2 Rb1 27. Ne3 Rd2+ 28. Kf3 Rbxb2 29. Rxb2 Rxb2 30. e5 Nd7 31. Nd5 c6 32. Ne7 c5 33. Bh3 Nb8 34. Bg2 Rc2 35. Nd5 b5 36. Bf1 c4 37. h4 h5 38. Ke4 Nc6 39. Bh3 Rd2 40. Bd7 Na7 41. Nb4 Rxd7 42. f5 gxf5+ 43. Kxf5 Rd3 44. e6 fxe6+ 45. Kxe6 Rxg3 46. Kd6 Rxc3 47. Kc5 Rh3 48. Kb6 Rxh4 49. Kxa7 Rg4 50. Kb6 h4 51. Kxb5 h3 52. Nc2 h2 53. Ne3 Rf4 54. Nd5 Rf5 0-1


[Site "https://www.chess.com"]

[Event "Titled Tuesday Blitz May 9 Early 2023"]
[White "Ambartsumova, Karina"]
[Black "I_KID_you_not"]
[WhiteFideId "4166299"]
[WhiteElo "2240"]
[BlackElo "2289"]
[Result "1-0"]
[Round "04"]
[TimeControl "180+2"]
[Date "2023.05.09"]
[WhiteClock "0:00:52"]
[BlackClock "0:00:06"]

1. e4 c5 2. Nf3 Nc6 3. d4 cxd4 4. Nxd4 Nf6 5. Nc3 h5 6. Nxc6 bxc6 7. e5 Ng4 8. Bf4 Qc7 9. Qe2 g5 10. Bxg5 Qxe5 11. Qxe5 Nxe5 12. O-O-O Bg7 13. Be2 d6 14. Rhe1 Bh6 15. h4 Bg4 16. f3 Be6 17. Ne4 f6 18. Bxh6 Rxh6 19. f4 Nf7 20. Bf3 Bd5 21. c4 Bxe4 22. Rxe4 Rc8 23. Re6 Nd8 24. Re2 Kf7 25. f5 c5 26. Bd5+ Kf8 27. Rd3 Nf7 28. Rg3 Rh8 29. Kc2 Ne5 30. Ra3 Rc7 31. Ree3 Kg7 32. Ra6 Rb8 33. Rg3+ Kh7 34. Rga3 Rb4 35. b3 Rb8 36. Rxa7 Rc6 1-0


[Site "https://www.chess.com"]

[Event "Titled Tuesday Blitz May 9 Early 2023"]
[White "cryptoguru02"]
[Black "Nissinen, Niilo Man"]
[BlackFideId "30950767"]
[WhiteElo "2614"]
[BlackElo "1952"]
[Result "1-0"]
[Round "04"]
[TimeControl "180+2"]
[Date "2023.05.09"]
[WhiteClock "0:00:43"]
[BlackClock "0:00:00"]

1. d4 Nf6 2. c4 g6 3. Nc3 d5 4. Bf4 Bg7 5. e3 O-O 6. Rc1 Be6 7. cxd5 Nxd5 8. Nxd5 Qxd5 9. b3 c6 10. Nf3 Na6 11. Qd2 Bg4 12. Bc4 Qh5 13. Ne5 Rac8 14. Bxa6 bxa6 15. Rc5 Bxe5 16. Bxe5 Qh6 17. O-O Be6 18. Qe2 Bd5 19. e4 Be6 20. Rfc1 f6 21. Bg3 f5 22. exf5 gxf5 23. Bf4 Qg6 24. Qe3 Bd5 25. Qg3 Qxg3 26. hxg3 e6 27. Ra5 1-0


[Site "https://www.chess.com"]

[Event "Titled Tuesday Blitz May 9 Early 2023"]
[White "Antal, Gergely"]
[Black "Samaganova, Aleksandra"]
[WhiteFideId "717312"]
[BlackFideId "13800221"]
[WhiteElo "2471"]
[BlackElo "1858"]
[Result "1-0"]
[Round "04"]
[TimeControl "180+2"]
[Date "2023.05.09"]
[WhiteClock "0:00:28"]
[BlackClock "0:00:00"]

1. Nc3 c5 2. Nf3 e6 3. e4 a6 4. a4 Qc7 5. g3 Nf6 6. Bg2 Nc6 7. O-O Be7 8. d4 cxd4 9. Nxd4 O-O 10. Nxc6 bxc6 11. a5 d5 12. Re1 Rd8 13. e5 Nd7 14. Na4 Qxa5 15. h4 Nf8 16. h5 Rb8 17. Be3 Qc7 18. Qg4 Rb4 19. Bf4 Kh8 20. c3 Rb5 21. Bf1 Rb8 22. Red1 c5 23. Bd3 d4 24. h6 g6 25. Bg5 Bd7 26. Bxe7 Bxa4 27. Bxd8 Qxd8 28. Rxa4 Rxb2 29. cxd4 cxd4 30. Qxd4 Qe7 31. Qxb2 1-0


[Site "https://www.chess.com"]

[Event "Titled Tuesday Blitz May 9 Early 2023"]
[White "Kuchava, Ana"]
[Black "Veiga, Jose Francisco R P Neves"]
[WhiteFideId "13605348"]
[BlackFideId "1930087"]
[WhiteElo "2001"]
[BlackElo "2320"]
[Result "0-1"]
[Round "04"]
[TimeControl "180+2"]
[Date "2023.05.09"]
[WhiteClock "0:00:00"]
[BlackClock "0:01:20"]

1. d4 e6 2. Nf3 c5 3. e3 Nf6 4. Bd3 b6 5. O-O Bb7 6. Nbd2 Be7 7. c3 d5 8. Qc2 O-O 9. e4 dxe4 10. Nxe4 cxd4 11. Nxd4 Nbd7 12. Bg5 h6 13. Bh4 Nd5 14. Bxe7 Qxe7 15. Rfe1 Nf4 16. Bf1 Nc5 17. Nxc5 bxc5 18. Nf5 Qg5 19. Ne3 Rad8 20. Rad1 Rxd1 21. Rxd1 Nh3+ 22. Kh1 Qf4 23. Rd2 Be4 24. Qd1 Nxf2+ 25. Rxf2 Qxf2 26. Ng4 Qf4 27. Qe2 Rd8 28. Nf2 Rd2 29. Qxe4 Qxf2 30. Qf3 Qxf3 31. gxf3 Rxb2 0-1


[Site "https://www.chess.com"]

[Event "Titled Tuesday Blitz May 9 Early 2023"]
[White "Berezin, Viktor"]
[Black "Palacio,Igor Da Paz"]
[WhiteFideId "14107872"]
[BlackFideId "2121140"]
[WhiteElo "2310"]
[BlackElo "2126"]
[Result "1-0"]
[Round "04"]
[TimeControl "180+2"]
[Date "2023.05.09"]
[WhiteClock "0:01:19"]
[BlackClock "0:01:04"]

1. d4 Nf6 2. Nf3 g6 3. g3 Bg7 4. Bg2 O-O 5. O-O d6 6. a4 a5 7. Nc3 Nbd7 8. h3 e5 9. e4 Re8 10. Re1 c6 11. dxe5 dxe5 12. Be3 Qe7 13. Nd2 Nc5 14. Nc4 Rd8 15. Bxc5 Rxd1 16. Bxe7 Rxa1 17. Rxa1 Be6 18. Bxf6 Bxc4 19. Bxg7 Kxg7 20. Bf1 Be6 21. Rd1 Kf6 22. Kg2 Ke7 23. f4 f6 24. Kf3 h5 25. Rd2 Rh8 26. Nd1 Rf8 27. Ne3 b6 28. f5 Bf7 29. Bc4 Rd8 30. Rxd8 1-0


[Site "https://www.chess.com"]

[Event "Titled Tuesday Blitz May 9 Early 2023"]
[White "Yonal, Timur"]
[Black "Piesik, Piotr"]
[WhiteFideId "44115725"]
[BlackFideId "1136194"]
[WhiteElo "1966"]
[BlackElo "2299"]
[Result "0-1"]
[Round "04"]
[TimeControl "180+2"]
[Date "2023.05.09"]
[WhiteClock "0:00:04"]
[BlackClock "0:00:56"]

1. e4 g6 2. d4 Bg7 3. Nc3 c6 4. f4 d5 5. e5 Nh6 6. Nf3 Bg4 7. Be2 Nf5 8. O-O h5 9. Ng5 Bxe2 10. Nxe2 e6 11. c3 Bf8 12. Qb3 Qc7 13. Kf2 c5 14. Be3 Nc6 15. dxc5 Nxe3 16. Kxe3 Bxc5+ 17. Nd4 O-O-O 18. Nf3 g5 19. Nxg5 Nxe5 20. Kf2 Nd3+ 21. Kg1 Nxf4 22. Kh1 Rhg8 23. Nb5 Qe5 24. h4 Ne2 25. Nd4 Ng3+ 26. Kg1 Bxd4+ 27. cxd4 Qxd4+ 28. Kh2 Qxh4+ 29. Kg1 Ne2# 0-1


[Site "https://www.chess.com"]

[Event "Titled Tuesday Blitz May 9 Early 2023"]
[White "Omranalhosani21"]
[Black "Van Baar, Esper"]
[BlackFideId "1049321"]
[WhiteElo "2595"]
[BlackElo "2175"]
[Result "1-0"]
[Round "04"]
[TimeControl "180+2"]
[Date "2023.05.09"]
[WhiteClock "0:00:15"]
[BlackClock "0:00:00"]

1. Nf3 c5 2. e4 d6 3. Bb5+ Bd7 4. Bd3 a6 5. O-O e6 6. c3 Nf6 7. Bc2 c4 8. e5 dxe5 9. Nxe5 Nc6 10. Nxc4 Be7 11. d4 O-O 12. Bf4 b5 13. Ne5 Nd5 14. Bg3 Bf6 15. Qd3 g6 16. Nxd7 Qxd7 17. Nd2 Rac8 18. a3 Rfd8 19. Rad1 Qb7 20. Rfe1 a5 21. Ne4 Be7 22. Qf3 Kg7 23. h4 h5 24. Ng5 Bxg5 25. hxg5 Qa6 26. Bd3 Qb7 27. Be4 Nce7 28. Be5+ Kf8 29. g4 hxg4 30. Qxg4 Ke8 31. Rd3 Kd7 32. Rh3 Nf5 33. Rh7 Rf8 34. Qf3 b4 35. Bxf5 gxf5 36. g6 bxc3 37. bxc3 Rxc3 38. Qg2 Rg8 39. Rxf7+ Ne7 40. Qxb7+ 1-0


[Site "https://www.chess.com"]

[Event "Titled Tuesday Blitz May 9 Early 2023"]
[White "Domingo Nunez, Ruben"]
[Black "Ruge, Edison"]
[WhiteFideId "22245570"]
[BlackFideId "4401000"]
[WhiteElo "2404"]
[BlackElo "2175"]
[Result "1-0"]
[Round "04"]
[TimeControl "180+2"]
[Date "2023.05.09"]
[WhiteClock "0:02:10"]
[BlackClock "0:02:27"]

1. b3 e5 2. Bb2 d6 3. Nf3 Nf6 4. e3 Be7 5. c4 O-O 6. Nc3 e4 7. Ng5 Bf5 8. Qc2 Nc6 9. a3 d5 10. cxd5 Qxd5 11. Nxd5 1-0


[Site "https://www.chess.com"]

[Event "Titled Tuesday Blitz May 9 Early 2023"]
[White "Papasimakopoulos, Alexandros"]
[Black "Rom, Jasper"]
[WhiteFideId "4244125"]
[BlackFideId "2023733"]
[WhiteElo "2359"]
[BlackElo "2233"]
[Result "1-0"]
[Round "04"]
[TimeControl "180+2"]
[Date "2023.05.09"]
[WhiteClock "0:00:06"]
[BlackClock "0:00:00"]

1. d4 d5 2. c4 e6 3. Nc3 c6 4. Nf3 dxc4 5. a4 Bb4 6. e3 b5 7. Bd2 a5 8. Rb1 Qb6 9. b3 Bxc3 10. Bxc3 cxb3 11. Qxb3 b4 12. Bc4 Nf6 13. O-O O-O 14. Ba1 Nbd7 15. Rfc1 Nd5 16. e4 N5f6 17. Qe3 Bb7 18. Bb3 Rac8 19. Nd2 c5 20. dxc5 Rxc5 21. Nc4 Qc7 22. Bd4 Bxe4 23. Bxc5 Qxc5 24. Ra1 Qxe3 25. fxe3 Ra8 26. Nd2 Bd5 27. Rc7 Ne5 28. Rac1 h6 29. Rc8+ Rxc8 30. Rxc8+ Kh7 31. Rc5 Nd3 32. Rxa5 Nc1 33. Bxd5 Nxd5 34. e4 Nc3 35. Ra7 b3 36. Rb7 Nxa4 37. Nxb3 Nxb3 38. Rxb3 Nc5 39. Re3 e5 40. Kf2 f6 41. Kf3 Ne6 42. Ra3 Nd4+ 43. Kf2 Kg6 44. Ra7 Kh7 45. Ke3 Kg6 46. Kd3 Ne6 47. g3 h5 48. Kc4 Ng5 49. Kd5 Nf3 50. Ra2 Ng5 51. Re2 Nf3 52. Kd6 Nd4 53. Rf2 Kf7 54. Ra2 Nf3 55. Rb2 Kg6 56. Ke7 Ng5 57. Re2 Nf3 58. Kf8 Ng5 59. Kg8 Ne6 60. Ra2 Ng5 61. Ra4 Ne6 62. Ra7 Kh6 63. h4 Kg6 64. Re7 Nc5 65. Rxg7+ Kh6 66. Rf7 Nxe4 67. Rf8 1-0


[Site "https://www.chess.com"]

[Event "Titled Tuesday Blitz May 9 Early 2023"]
[White "Kucuksari, Kaan"]
[Black "The_Sherman_Variation"]
[WhiteFideId "6380166"]
[WhiteElo "2364"]
[BlackElo "2515"]
[Result "1-0"]
[Round "04"]
[TimeControl "180+2"]
[Date "2023.05.09"]
[WhiteClock "0:01:59"]
[BlackClock "0:01:46"]

1. e4 c5 2. Nf3 g6 3. d4 cxd4 4. Nxd4 Bg7 5. c4 Nc6 6. Be3 d6 7. Nc3 Nf6 8. Be2 O-O 9. O-O Bd7 10. h3 Nxd4 11. Bxd4 Bc6 12. Nd5 Nxd5 13. exd5 Bxd4 14. Qxd4 Bd7 15. Rfe1 Qb6 16. Qxb6 axb6 17. Bf1 Rfe8 18. a3 Kf8 19. Rad1 Rec8 20. Re3 Rc7 21. Rb3 b5 22. cxb5 Rac8 23. Kh2 Rc2 24. Kg3 R8c5 25. a4 Bf5 26. a5 Be4 27. a6 bxa6 28. bxa6 Rxd5 29. Re1 Rd4 30. Rxe4 Rxe4 31. Bd3 1-0


[Site "https://www.chess.com"]

[Event "Titled Tuesday Blitz May 9 Early 2023"]
[White "Hua, Lefong"]
[Black "Jaivardhan Raj"]
[WhiteFideId "2602253"]
[BlackFideId "25744437"]
[WhiteElo "2700"]
[BlackElo "1772"]
[Result "1-0"]
[Round "04"]
[TimeControl "180+2"]
[Date "2023.05.09"]
[WhiteClock "0:00:59"]
[BlackClock "0:00:05"]

1. d4 Nf6 2. c4 e6 3. Nc3 b6 4. e4 Bb7 5. f3 Bb4 6. Bd3 O-O 7. Ne2 d5 8. cxd5 exd5 9. e5 Nfd7 10. f4 c5 11. Be3 cxd4 12. Nxd4 Nc5 13. O-O Bxc3 14. bxc3 Nxd3 15. Qxd3 Ba6 16. Nb5 Qe8 17. a4 Bxb5 18. axb5 Qd7 19. Bxb6 Rc8 20. f5 Qb7 21. Bd4 Nd7 22. f6 Nc5 23. Qg3 Ne6 24. Ra6 Qd7 25. Rd6 Qc7 26. fxg7 Nxd4 27. cxd4 Qc4 28. Qf4 Rc7 29. e6 Kxg7 30. Qf6+ Kg8 31. exf7+ Kf8 32. Rd8+ Rxd8 33. Qxd8+ Kg7 34. f8=Q+ Kg6 35. Qdf6+ Kh5 36. Qf5+ Kh4 37. Q8f6# 1-0


[Site "https://www.chess.com"]

[Event "Titled Tuesday Blitz May 9 Early 2023"]
[White "bubeliang"]
[Black "Ciolacu, Alessia-Mihaela"]
[BlackFideId "1252640"]
[WhiteElo "2652"]
[BlackElo "1937"]
[Result "1-0"]
[Round "04"]
[TimeControl "180+2"]
[Date "2023.05.09"]
[WhiteClock "0:00:18"]
[BlackClock "0:00:23"]

1. e4 c5 2. c3 Nf6 3. e5 Nd5 4. Nf3 d6 5. exd6 Qxd6 6. d4 cxd4 7. Nxd4 e6 8. Nb5 Qd7 9. Be2 a6 10. Nd4 Nc6 11. O-O Nxd4 12. Qxd4 Nf6 13. Qxd7+ Bxd7 14. Bf3 Nd5 15. Nd2 Be7 16. Re1 Bc6 17. Nc4 Rd8 18. Be3 O-O 19. Ne5 Be8 20. Rad1 Nxe3 21. Rxd8 Bxd8 22. Rxe3 b5 23. Bc6 Bb6 24. Rd3 f6 25. Nd7 Bxd7 26. Bxd7 e5 27. Be6+ Kh8 28. c4 Bd4 29. b3 Re8 30. Bd5 Rd8 31. Kf1 g6 32. Ke2 f5 33. f4 Kg7 34. fxe5 Bxe5 35. h3 bxc4 36. bxc4 Kf6 37. Rb3 Bd4 38. Rb7 Rd6 39. Rxh7 Ke5 40. Kd3 Bg1 41. g3 Bf2 42. Re7+ Kf6 43. Rf7+ Ke5 44. g4 fxg4 45. Rxf2 gxh3 46. Rh2 g5 47. Rxh3 1-0


[Site "https://www.chess.com"]

[Event "Titled Tuesday Blitz May 9 Early 2023"]
[White "Pourkashiyan, Atousa"]
[Black "Koellner, Ruben Gideon"]
[WhiteFideId "12502014"]
[BlackFideId "12993093"]
[WhiteElo "2228"]
[BlackElo "2314"]
[Result "0-1"]
[Round "04"]
[TimeControl "180+2"]
[Date "2023.05.09"]
[WhiteClock "0:00:00"]
[BlackClock "0:00:26"]

1. e4 d6 2. d4 Nf6 3. Nc3 e5 4. Nf3 Nbd7 5. Bc4 Be7 6. h3 c6 7. a4 h6 8. O-O Qc7 9. Re1 Nf8 10. Nh4 g6 11. a5 Be6 12. Qd3 Nh5 13. Nf3 g5 14. d5 Bc8 15. a6 b5 16. Bb3 b4 17. Nd1 c5 18. Ba4+ Bd7 19. Bxd7+ Qxd7 20. Ne3 Ng7 21. c3 Rb8 22. cxb4 Rxb4 23. Bd2 Qb5 24. Qxb5+ Rxb5 25. Nc4 Kd7 26. Ba5 Ng6 27. g3 Rhb8 28. Rec1 f5 29. Nfd2 h5 30. Rc3 g4 31. Kh2 Bg5 32. exf5 Nxf5 33. Ne4 Be7 34. Rd1 Nd4 35. Kg2 Nb3 36. Rxb3 Rxb3 37. Bc3 Nh8 38. hxg4 hxg4 39. Rh1 Nf7 40. Rh7 Rf8 41. Na5 Rb6 42. Nc6 Rxc6 43. dxc6+ Kxc6 44. Nd2 d5 45. Rg7 d4 46. Ba5 Kd5 47. Bc7 Bd6 48. Bxd6 Nxd6 49. Rxa7 e4 50. Rg7 e3 51. fxe3 dxe3 0-1


[Site "https://www.chess.com"]

[Event "Titled Tuesday Blitz May 9 Early 2023"]
[White "De Silva, L M S T"]
[Black "Namitbir Singh Walia"]
[WhiteFideId "9953698"]
[BlackFideId "35071068"]
[WhiteElo "2395"]
[BlackElo "2239"]
[Result "1-0"]
[Round "04"]
[TimeControl "180+2"]
[Date "2023.05.09"]
[WhiteClock "0:01:54"]
[BlackClock "0:00:00"]

1. d4 Nf6 2. c4 c5 3. Nf3 cxd4 4. Nxd4 Nc6 5. Nc3 g6 6. g3 Bg7 7. Nc2 O-O 8. Bg2 b6 9. O-O Bb7 10. Rb1 Qc8 11. b3 d6 12. Bb2 Rd8 13. Ne3 Nb4 14. a3 Bxg2 15. Nxg2 Nc6 16. Ne3 Qb7 17. b4 Rac8 18. Rc1 Ne5 19. Qb3 Ne4 20. Nxe4 Qxe4 21. f3 Qb7 22. f4 Nd7 23. Bxg7 Kxg7 24. Nd5 Nf6 25. Qb2 Qd7 26. f5 gxf5 27. g4 Qe6 28. g5 1-0


[Site "https://www.chess.com"]

[Event "Titled Tuesday Blitz May 9 Early 2023"]
[White "Seemann, Jakub"]
[Black "Manukian, Artak"]
[WhiteFideId "21874697"]
[BlackFideId "13301373"]
[WhiteElo "2364"]
[BlackElo "2130"]
[Result "1-0"]
[Round "04"]
[TimeControl "180+2"]
[Date "2023.05.09"]
[WhiteClock "0:01:12"]
[BlackClock "0:00:30"]

1. d4 d5 2. c4 dxc4 3. Nf3 Nf6 4. e3 e6 5. Bxc4 c5 6. O-O a6 7. Re1 b5 8. Bf1 Bb7 9. a4 b4 10. Nbd2 Nc6 11. Nc4 Be7 12. b3 O-O 13. Bb2 cxd4 14. Nxd4 Nxd4 15. Bxd4 Ne4 16. Rc1 Bf6 17. Bxf6 Qxf6 18. Nd6 Nxd6 19. Qxd6 a5 20. e4 e5 21. Qxf6 gxf6 22. Rc7 Ba6 23. Rec1 Bxf1 24. Kxf1 Ra6 25. Ke2 Rd8 26. R1c6 Rxc6 27. Rxc6 Rd4 28. f3 f5 29. exf5 e4 30. f6 h6 31. Ke3 Rd3+ 32. Kxe4 Rxb3 33. Rc5 Rb2 34. g4 Rxh2 35. Rxa5 Ra2 36. Kf5 b3 37. Ra8+ Kh7 38. Rf8 Rxa4 39. Rxf7+ Kg8 40. Rb7 Ra3 41. Kg6 1-0


[Site "https://www.chess.com"]

[Event "Titled Tuesday Blitz May 9 Early 2023"]
[White "Wadsworth, Matthew J"]
[Black "Toktomushev, Teimur"]
[WhiteFideId "415804"]
[BlackFideId "14176726"]
[WhiteElo "2347"]
[BlackElo "2116"]
[Result "1-0"]
[Round "04"]
[TimeControl "180+2"]
[Date "2023.05.09"]
[WhiteClock "0:00:11"]
[BlackClock "0:00:01"]

1. d4 d5 2. Bf4 Nf6 3. e3 c5 4. c3 Nc6 5. Nd2 Bf5 6. Ngf3 e6 7. Nh4 Be4 8. f3 Bg6 9. Nxg6 hxg6 10. Bd3 Bd6 11. Bxd6 Qxd6 12. f4 cxd4 13. cxd4 Ke7 14. O-O a6 15. Nf3 Rac8 16. Ne5 Nd7 17. Qg4 Rh6 18. Qg5+ Kf8 19. Rac1 Kg8 20. Qg3 Rc7 21. Ng4 Rh5 22. a3 Ne7 23. Ne5 Nf5 24. Qe1 Rxc1 25. Qxc1 Rh8 26. Qc8+ Nf8 27. Bxf5 gxf5 28. Qe8 Qc7 29. h3 Rh6 30. Kh2 f6 31. Nf3 Qd7 32. Qxd7 Nxd7 33. Rc1 Kf7 34. Rc7 Ke7 35. Rxb7 Rh8 36. Ra7 Rc8 37. Rxa6 Rc2 38. b4 Rc3 39. b5 Rxe3 40. a4 Rb3 41. Ra7 Rb4 42. Kg3 Kd8 43. Kf2 g6 44. Ke3 Nb6 45. Rg7 Rxa4 46. Rxg6 Ke7 47. Rg7+ Kf8 48. Rb7 Nc4+ 49. Kf2 Ra2+ 50. Kg3 Rb2 51. h4 Ne3 52. Ne1 Nf1+ 53. Kf3 Nd2+ 54. Ke3 Nc4+ 55. Kf3 Nd2+ 56. Kg3 Nf1+ 57. Kh3 Nd2 58. h5 Rb3+ 59. Nf3 Nxf3 60. gxf3 Rxf3+ 61. Kg2 Rxf4 62. h6 Kg8 63. h7+ Kh8 64. b6 Rxd4 65. Re7 Rb4 66. b7 e5 67. Re8+ Kxh7 68. b8=Q Rxb8 69. Rxb8 f4 70. Kf3 Kg6 71. Rd8 d4 72. Ke4 Kf7 73. Ra8 Ke6 74. Ra6+ Ke7 75. Kf5 f3 76. Ke4 f5+ 77. Kxe5 f2 78. Ra1 d3 79. Kd4 Ke6 80. Kxd3 Ke5 81. Ke2 1-0


[Site "https://www.chess.com"]

[Event "Titled Tuesday Blitz May 9 Early 2023"]
[White "Salman, Pavel"]
[Black "Sadykov, Ramil"]
[WhiteFideId "24153753"]
[BlackFideId "24113590"]
[WhiteElo "2187"]
[BlackElo "2245"]
[Result "1-0"]
[Round "04"]
[TimeControl "180+2"]
[Date "2023.05.09"]
[WhiteClock "0:00:26"]
[BlackClock "0:00:00"]

1. d4 Nf6 2. Nc3 d5 3. Bf4 Bf5 4. Nb5 Na6 5. e3 c6 6. Nc3 e6 7. f3 Bd6 8. Bxa6 bxa6 9. Nge2 c5 10. Bxd6 Qxd6 11. dxc5 Qxc5 12. Qd4 Qb6 13. O-O-O O-O-O 14. g4 Bg6 15. h4 Qxd4 16. exd4 h5 17. Nf4 hxg4 18. Nxg6 fxg6 19. fxg4 Nxg4 20. Rdg1 Ne3 21. Rxg6 Nf5 22. Rxe6 Nxd4 23. Rxa6 Kb7 24. Rg6 Nf5 25. Rf1 Ne3 26. Rxg7+ Kb8 27. Rff7 Rxh4 28. Rb7+ Ka8 29. Rxa7+ Kb8 30. Rgb7+ Kc8 31. Nb5 Rh2 32. Rc7+ Kb8 33. b3 d4 34. Rab7+ Ka8 35. Rb6 1-0


[Site "https://www.chess.com"]

[Event "Titled Tuesday Blitz May 9 Early 2023"]
[White "Guerra Tulcan, Lenin"]
[Black "Hadzimanolis, Antonios"]
[WhiteFideId "3601382"]
[BlackFideId "4202813"]
[WhiteElo "2368"]
[BlackElo "2242"]
[Result "1-0"]
[Round "04"]
[TimeControl "180+2"]
[Date "2023.05.09"]
[WhiteClock "0:00:20"]
[BlackClock "0:00:08"]

1. e4 e5 2. Nf3 Nc6 3. Bb5 a6 4. Ba4 Nf6 5. Qe2 b5 6. Bb3 Be7 7. O-O O-O 8. Rd1 d6 9. c3 Na5 10. Bc2 c5 11. d4 Qc7 12. d5 Nc4 13. Nbd2 Nxd2 14. Bxd2 Bg4 15. h3 Bxf3 16. Qxf3 Ne8 17. g4 Qd8 18. Qg3 Bg5 19. a4 Bxd2 20. Rxd2 Qg5 21. Qe3 Qxe3 22. fxe3 Nc7 23. Bd3 c4 24. Bf1 f6 25. Rdd1 Kf7 26. Ra2 Ke7 27. Rda1 Kd7 28. Kf2 g6 29. Ke1 Rab8 30. axb5 axb5 31. Ra7 Ra8 32. Rxa8 Rxa8 33. Rxa8 Nxa8 34. b3 Nb6 35. Kd2 Kc7 36. Kc2 Kb7 37. Kb2 Ka6 38. bxc4 bxc4 39. Ka3 Kb5 40. Be2 Na4 41. Bxc4+ Kxc4 42. Kxa4 Kxc3 43. Kb5 Kd3 44. Kc6 Kxe4 45. Kxd6 Kxe3 46. Ke6 Kf2 47. d6 e4 48. d7 e3 49. d8=Q e2 50. Qd2 Kf1 51. Qf4+ Kg2 52. Qe4+ Kf2 53. Qf4+ Kg2 54. Qe3 Kf1 55. Qf3+ Ke1 56. Kxf6 Kd2 57. Qf2 Kd1 58. Kg7 h5 59. Kxg6 hxg4 60. hxg4 e1=Q 61. Qxe1+ Kxe1 62. Kf6 1-0


[Site "https://www.chess.com"]

[Event "Titled Tuesday Blitz May 9 Early 2023"]
[White "Aggelis, Nikolaos"]
[Black "Titichoca Daza, Daniel"]
[WhiteFideId "4213220"]
[BlackFideId "3309550"]
[WhiteElo "2189"]
[BlackElo "2101"]
[Result "1-0"]
[Round "04"]
[TimeControl "180+2"]
[Date "2023.05.09"]
[WhiteClock "0:00:27"]
[BlackClock "0:00:00"]

1. c4 g6 2. g3 Bg7 3. Bg2 c5 4. Nf3 Nc6 5. O-O e6 6. Nc3 Nge7 7. b3 O-O 8. Bb2 d5 9. cxd5 exd5 10. Rc1 b6 11. Na4 d4 12. Ba1 Ba6 13. Re1 Re8 14. e3 d3 15. Bxg7 Kxg7 16. Nh4 Rc8 17. Qg4 Nb4 18. Nc3 Kg8 19. Red1 f5 20. Qf4 Ned5 21. Nxd5 Nxd5 22. Qa4 Nc7 23. Re1 Qd6 24. e4 f4 25. e5 Rxe5 26. Qxf4 Rxe1+ 27. Rxe1 Qxf4 28. gxf4 Re8 29. Rxe8+ Nxe8 30. f5 Nd6 31. fxg6 Nb5 32. gxh7+ Kh8 33. Be4 Kg7 34. Bxd3 Nc7 35. Bxa6 Nxa6 36. a3 Kxh7 37. f4 Nc7 38. Kf2 Nb5 39. Ke3 Nxa3 40. Ke4 Nb5 41. Nf3 Kg6 42. Ke5 a5 43. f5+ Kf7 44. Ng5+ Kf8 45. h4 Nd4 46. Ne6+ Nxe6 47. fxe6 b5 48. h5 c4 49. bxc4 a4 50. h6 a3 51. h7 Kg7 52. e7 a2 53. h8=Q+ Kxh8 54. e8=Q+ Kg7 55. Qd7+ 1-0


[Site "https://www.chess.com"]

[Event "Titled Tuesday Blitz May 9 Early 2023"]
[White "Yaniuk, Volodymyr"]
[Black "Fernandez Siles, Luis"]
[WhiteFideId "14133083"]
[BlackFideId "2209420"]
[WhiteElo "2141"]
[BlackElo "2195"]
[Result "1-0"]
[Round "04"]
[TimeControl "180+2"]
[Date "2023.05.09"]
[WhiteClock "0:00:41"]
[BlackClock "0:00:00"]

1. d4 Nf6 2. c4 g6 3. Nc3 Bg7 4. e4 d6 5. Nf3 O-O 6. Be2 c5 7. d5 e6 8. O-O exd5 9. cxd5 a6 10. a4 Bg4 11. Nd2 Bxe2 12. Qxe2 Nbd7 13. Nc4 Nb6 14. Na3 Re8 15. Qd3 Rc8 16. Bf4 c4 17. Qc2 Ng4 18. a5 Na8 19. Qa4 Bxc3 20. bxc3 Rxe4 21. Bg3 Ne5 22. Rab1 b5 23. axb6 Nxb6 24. Qc2 f5 25. Rfd1 Nbd7 26. f3 Re3 27. Bf2 Rd3 28. Bd4 Qa5 29. Ra1 Qxd5 30. Re1 f4 31. Re4 g5 32. Qa4 Rc7 33. Qxa6 Rxf3 34. Rae1 Rd3 35. Nb5 f3 36. Nxc7 f2+ 37. Bxf2 1-0


[Site "https://www.chess.com"]